Map: Orbital Shipyard

Players

LilDicky - Winner!

  • Race: Terran Terran
  • League: Diamond

DoJja

  • Race: Protoss Protoss
  • League: Gold

VOD

http://www.twitch.tv/tumescentpie

Description

Time

  • Played on: Dec. 2, 2015, 12:51 p.m.
  • Length: 4:47
Show
View Real Time Build Order
Export as new Build Order

LilDicky Terran - Winner!

Build Orders:  

Get SALT Encoding   

  12  0:02  SCV  
  14  0:14  SCV  
  14  0:19  Supply Depot  
  14  0:26  SCV  
  15  0:30  Refinery  
  15  0:40  SCV  
  16  0:47  Barracks  
  16  0:54  SCV  
  17  1:07  SCV  
  18  1:19  SCV  
  19  1:31  SCV  
  20  1:35  Marine  
  20  1:38  Supply Depot  
  21  1:41  Factory  
  21  1:44  Orbital Command  
  21  1:56  Marine  
  22  2:04  Barracks  
  22  2:08  Barracks  
  22  2:15  SCV  
  23  2:19  Barracks Reactor  
  23  2:21  Refinery  
  23  2:27  SCV  
  24  2:37  Supply Depot  
  24  2:39  SCV  
  24  2:41  Widow Mine  
  27  2:51  SCV  
  27  2:52  Barracks Tech Lab  
  27  2:55  Barracks Tech Lab  
  28  3:09  Widow Mine  
  30  3:18  Marine x2  
  32  3:21  Combat Shields  
  32  3:22  Marine x2  
  32  3:24  SCV  
  34  3:28  Supply Depot  
  34  3:36  Marine  
  34  3:38  Widow Mine  
  37  3:45  SCV  
  37  3:46  Marine  
  39  3:49  Marine x2  
  41  3:58  SCV  
Show
View Real Time Build Order
Export as new Build Order

DoJja Protoss 

Build Orders: Oracle Opening 

Get SALT Encoding   

  12  0:01  Probe (Chrono Boost)  
  13  0:17  Probe (Chrono Boost), Pylon  
  14  0:28  Probe (Chrono Boost)  
  15  0:36  Gateway  
  15  0:40  Probe (Chrono Boost)  
  16  0:44  Assimilator  
  16  0:51  Probe (Chrono Boost)  
  17  1:01  Probe (Chrono Boost)  
  18  1:10  Assimilator  
  18  1:12  Probe (Chrono Boost)  
  19  1:22  Probe (Chrono Boost)  
  20  1:26  Cybernetics Core  
  20  1:33  Probe (Chrono Boost)  
  21  1:43  Probe (Chrono Boost)  
  22  1:52  Pylon  
  23  1:54  Probe (Chrono Boost)  
  23  2:09  Pylon  
  23  2:10  Probe (Chrono Boost)  
  24  2:16  Stargate  
  24  2:19  Warp Gate  
  24  2:21  Mothership Core (Chrono Boost)  
  26  2:35  Pylon  
  26  2:38  Pylon  
  26  2:47  Probe (Chrono Boost)  
  27  2:57  Probe (Chrono Boost)  
  28  3:01  Nexus  
  28  3:04  Oracle (Chrono Boost)  
  31  3:18  Probe  
  28  3:30  Probe  
  15  4:07  Oracle (Chrono Boost)  
Tags
 
Add a new tag
Caveats
  • Supply blocks, unpowered buildings, or Contaminate may cause inaccurate times.
  • Supply counts are checked every 10 seconds.